IL
TOLEDO MUD HENS @ PAWTUCKET RED SOX
05/30/2098
 
TOP OF THE 1ST
Toledo Mud Hens batting - Pitching for Pawtucket Red Sox : RHP Mike Chiasson
Pitching: RHP Mike Chiasson
Batting: RHB Jonah Brookhart 0-0: Foul Ball, location: 2RF
0-1: Ground out 6-3 (Groundball, 56, EV 77.5 MPH)
Batting: LHB Marcus Peterson 0-0: Ball
1-0: Ball
2-0: Swinging Strike
2-1: Foul Ball, location: 2RF
2-2: TRIPLE (Flyball, 9D, EV 89.4 MPH)
Batting: LHB Denny Marshall 0-0: Called Strike
0-1: Fly out, F7 (Flyball, 7S, EV 90.0 MPH)
Batting: LHB John Castaneda 0-0: Called Strike
0-1: Swinging Strike
0-2: Ground out 4-3 (Groundball, 4S, EV 63.1 MPH)
Top of the 1st over - 0 runs, 1 hit, 0 errors, 1 left on base; Toledo 0 - Pawtucket 0
BOTTOM OF THE 1ST
Pawtucket Red Sox batting - Pitching for Toledo Mud Hens : RHP Jason Figueroa
Pitching: RHP Jason Figueroa
Batting: RHB Mike Tremblay 0-0: Foul Ball, location: 3F
0-1: Foul Ball, location: 23F
0-2: Ball
1-2: Ball
2-2: SINGLE (Groundball, 6S, EV 70.0 MPH) (infield hit)
Batting: RHB Ryan Rynard 0-0: Ball
1-0: Ball
2-0: Ball
3-0: Called Strike
3-1: Swinging Strike
3-2: Foul Ball, location: 25FF
3-2: Base on Balls
Mike Tremblay to second
Batting: LHB Dan McCartney 0-0: Ball
1-0: Foul Ball, location: 2F
1-1: Ball
2-1: Foul Ball, location: 7LSF
2-2: Ball
3-2: Base on Balls
Mike Tremblay to third
Ryan Rynard to second
Batting: LHB Tony Vargas 0-0: Ball
1-0: Called Strike
1-1: Called Strike
1-2: Ball
2-2: Ball
Wild Pitch!
Mike Tremblay scores
Ryan Rynard to third
Dan McCartney to second
3-2: Ground out 5-3 (Groundball, 5, EV 88.1 MPH)
Batting: RHB Alvaro Madera 0-0: Foul Ball, location: 3F
0-1: Foul Ball, location: 2F
0-2: Ball
1-2: Strikes out swinging
Batting: SHB Chris Pierce 0-0: Called Strike
0-1: Foul Ball, location: 2RF
0-2: Ball
1-2: SINGLE (Line Drive, 56, EV 100.6 MPH)
Ryan Rynard scores
Dan McCartney to third
Runner from 3rd tries for Home, SAFE, throw by LF to home
Batting: RHB Carlos Chaidez 0-0: Ball
1-0: Ball
2-0: Called Strike
2-1: Foul Ball, location: 2LF
2-2: Strikes out looking
Bottom of the 1st over - 3 runs, 2 hits, 0 errors, 1 left on base; Toledo 0 - Pawtucket 3
TOP OF THE 2ND
Toledo Mud Hens batting - Pitching for Pawtucket Red Sox : RHP Mike Chiasson
Batting: SHB Mike Knighten 0-0: Swinging Strike
0-1: Swinging Strike
0-2: Foul Ball, location: 2RF
0-2: Ball
1-2: Ball
2-2: Strikes out swinging
Batting: LHB Jason Schneider 0-0: Ground out U3 (Groundball, 3, EV 105.6 MPH)
Batting: LHB Justin Kenworthy 0-0: Called Strike
0-1: Foul Ball, location: 7LDF
0-2: Ball
1-2: Foul Ball, location: 3FF
1-2: Ball
2-2: Ball
3-2: Ground out 4-3 (Groundball, 4, EV 102.5 MPH)
Top of the 2nd over - 0 runs, 0 hits, 0 errors, 0 left on base; Toledo 0 - Pawtucket 3
BOTTOM OF THE 2ND
Pawtucket Red Sox batting - Pitching for Toledo Mud Hens : RHP Jason Figueroa
Batting: RHB Mark Pearson 0-0: Called Strike
0-1: Ball
1-1: Called Strike
1-2: Ball
2-2: Ground out 4-3 (Groundball, 4, EV 98.8 MPH)
Batting: LHB Steve Cresci 0-0: Ball
1-0: Ball
2-0: Ground out 5-3 (Groundball, 56, EV 92.5 MPH)
Batting: RHB Mike Tremblay 0-0: SINGLE (Groundball, 4M, EV 101.3 MPH) (infield hit)
Batting: RHB Ryan Rynard 0-0: Ball
1-0: Swinging Strike
1-1: Called Strike
Mike Tremblay is caught stealing 2nd base 2-4
Bottom of the 2nd over - 0 runs, 1 hit, 0 errors, 0 left on base; Toledo 0 - Pawtucket 3
TOP OF THE 3RD
Toledo Mud Hens batting - Pitching for Pawtucket Red Sox : RHP Mike Chiasson
Batting: RHB Jesus Mendoza 0-0: Ball
1-0: Ball
2-0: Foul Ball, location: 7LSF
2-1: Foul Ball, location: 23F
2-2: Ball
3-2: Fly out, F9 (Flyball, 9D, EV 106.9 MPH)
Batting: RHB Javier Flores 0-0: Ball
1-0: Foul Ball, location: 2F
1-1: Ball
2-1: Ball
3-1: Fly out, F3 (Popup, 34, EV 66.3 MPH)
Batting: RHB Jonah Brookhart 0-0: Called Strike
0-1: Ball
1-1: Ball
2-1: Fly out, F8 (Flyball, 8RD, EV 93.1 MPH)
Top of the 3rd over - 0 runs, 0 hits, 0 errors, 0 left on base; Toledo 0 - Pawtucket 3
BOTTOM OF THE 3RD
Pawtucket Red Sox batting - Pitching for Toledo Mud Hens : RHP Jason Figueroa
Batting: RHB Ryan Rynard 0-0: Called Strike
0-1: DOUBLE (Line Drive, 7LM, EV 104.4 MPH)
Batting: LHB Dan McCartney 0-0: Ball
1-0: Called Strike
1-1: Ground out 6-3 (Groundball, 6M, EV 101.3 MPH)
Batting: LHB Tony Vargas 0-0: Called Strike
0-1: Ball
1-1: Ball
2-1: Ball
3-1: Ground out 4-3 (Groundball, 4, EV 96.3 MPH)
Ryan Rynard to third
Batting: RHB Alvaro Madera 0-0: Fly out, F7 (Flyball, 7S, EV 79.4 MPH)
Bottom of the 3rd over - 0 runs, 1 hit, 0 errors, 1 left on base; Toledo 0 - Pawtucket 3
TOP OF THE 4TH
Toledo Mud Hens batting - Pitching for Pawtucket Red Sox : RHP Mike Chiasson
Batting: LHB Marcus Peterson 0-0: Ball
1-0: Foul Ball, location: 7LDF
1-1: Ball
2-1: Ground out 6-3 (Groundball, 6, EV 86.3 MPH)
Batting: LHB Denny Marshall 0-0: Called Strike
0-1: Ground out 4-3 (Groundball, 4D, EV 108.1 MPH)
Batting: LHB John Castaneda 0-0: Ball
1-0: Foul Ball, location: 2F
1-1: Ball
2-1: Ball
3-1: Fly out, F8 (Flyball, 89D, EV 97.5 MPH)
Top of the 4th over - 0 runs, 0 hits, 0 errors, 0 left on base; Toledo 0 - Pawtucket 3
BOTTOM OF THE 4TH
Pawtucket Red Sox batting - Pitching for Toledo Mud Hens : RHP Jason Figueroa
Batting: SHB Chris Pierce 0-0: Ball
1-0: Foul Ball, location: 2F
1-1: Ball
2-1: Called Strike
2-2: Foul Ball, location: 2F
2-2: Ball
3-2: Foul Ball, location: 9LDF
3-2: TRIPLE (Line Drive, 78XD, EV 102.5 MPH)
Batting: RHB Carlos Chaidez 0-0: Ball
1-0: Foul Ball, location: 9LMF
1-1: Foul Ball, location: 9LDF
1-2: Strikes out swinging
Batting: RHB Mark Pearson 0-0: DOUBLE (Groundball, 3D, EV 98.8 MPH)
Chris Pierce scores
Batting: LHB Steve Cresci 0-0: Ball
1-0: Called Strike
1-1: Fly out, F8 (Flyball, 78D, EV 76.3 MPH)
Batting: RHB Mike Tremblay 0-0: Ball
1-0: Ground out 1-3 (Groundball, 15S, EV 68.1 MPH)
Bottom of the 4th over - 1 run, 2 hits, 0 errors, 1 left on base; Toledo 0 - Pawtucket 4
TOP OF THE 5TH
Toledo Mud Hens batting - Pitching for Pawtucket Red Sox : RHP Mike Chiasson
Batting: SHB Mike Knighten 0-0: Ball
1-0: Foul Ball, location: 7LSFF
1-1: DOUBLE (Flyball, 8LXD, EV 104.4 MPH)
Batting: LHB Jason Schneider 0-0: Swinging Strike
0-1: Ball
1-1: Foul Ball, location: 2F
1-2: Ground out 4-3 (Groundball, 4M, EV 86.3 MPH)
Batting: LHB Justin Kenworthy 0-0: Called Strike
0-1: Ball
1-1: Fly out, F7 (Flyball, 7, EV 87.5 MPH)
Batting: RHB Jesus Mendoza 0-0: Ball
1-0: Ball
2-0: Ball
3-0: Called Strike
3-1: Swinging Strike
3-2: Base on Balls
Batting: RHB Javier Flores 0-0: Called Strike
0-1: Foul Ball, location: 5F
0-2: Strikes out swinging
Top of the 5th over - 0 runs, 1 hit, 0 errors, 2 left on base; Toledo 0 - Pawtucket 4
BOTTOM OF THE 5TH
Pawtucket Red Sox batting - Pitching for Toledo Mud Hens : RHP Jason Figueroa
Batting: RHB Ryan Rynard 0-0: Called Strike
0-1: Fly out, F7 (Flyball, 7D, EV 96.3 MPH)
Batting: LHB Dan McCartney 0-0: Ground out U3 (Groundball, 3S, EV 70.6 MPH)
Batting: LHB Tony Vargas 0-0: Ball
1-0: Swinging Strike
1-1: Foul Ball, location: 2F
1-2: Ball
2-2: Ball
3-2: Ground out 4-3 (Groundball, 34, EV 81.3 MPH)
Bottom of the 5th over - 0 runs, 0 hits, 0 errors, 0 left on base; Toledo 0 - Pawtucket 4
TOP OF THE 6TH
Toledo Mud Hens batting - Pitching for Pawtucket Red Sox : RHP Mike Chiasson
Batting: RHB Jonah Brookhart 0-0: Foul Ball, location: 25F
0-1: Fly out, F4 (Popup, 34S, EV 81.9 MPH)
Batting: LHB Marcus Peterson 0-0: Called Strike
0-1: Called Strike
0-2: Ball
1-2: Ball
2-2: Foul Ball, location: 2F
2-2: Ball
3-2: Strikes out looking
Batting: LHB Denny Marshall 0-0: Called Strike
0-1: Ground out U3 (Groundball, 34, EV 99.4 MPH)
Top of the 6th over - 0 runs, 0 hits, 0 errors, 0 left on base; Toledo 0 - Pawtucket 4
BOTTOM OF THE 6TH
Pawtucket Red Sox batting - Pitching for Toledo Mud Hens : RHP Jason Figueroa
Batting: RHB Alvaro Madera 0-0: Ball
1-0: SINGLE (Groundball, 6MD, EV 105.0 MPH)
Batting: SHB Chris Pierce 0-0: Ball
1-0: Ball
2-0: Ball
3-0: Called Strike
3-1: Called Strike
3-2: DOUBLE (Line Drive, 8LXD, EV 105.0 MPH)
Alvaro Madera to third
Batting: RHB Carlos Chaidez 0-0: Called Strike
0-1: Ball
1-1: Ball
2-1: Ball
3-1: Foul Ball, location: 2F
3-2: Foul Ball, location: 2F
3-2: Fly out, F7 (Flyball, 7LS, EV 73.1 MPH)
Batting: RHB Mark Pearson 0-0: Swinging Strike
0-1: Ball
1-1: Swinging Strike
1-2: Strikes out swinging
Batting: LHB Steve Cresci 0-0: Fly out, F2 (Popup, 23F, EV 88.8 MPH)
Bottom of the 6th over - 0 runs, 2 hits, 0 errors, 2 left on base; Toledo 0 - Pawtucket 4
TOP OF THE 7TH
Toledo Mud Hens batting - Pitching for Pawtucket Red Sox : RHP Mike Chiasson
Batting: LHB John Castaneda 0-0: Ball
1-0: Ball
2-0: Ground out U3 (Groundball, 3, EV 97.5 MPH)
Pitching: RHP Jason Moore
Batting: SHB Mike Knighten 0-0: Ball
1-0: Ball
2-0: Called Strike
2-1: Fly out, F8 (Flyball, 8LD, EV 105.6 MPH)
Batting: LHB Jason Schneider 0-0: Ball
1-0: Foul Ball, location: 3SF
1-1: Foul Ball, location: 2F
1-2: Ball
2-2: Strikes out swinging
Top of the 7th over - 0 runs, 0 hits, 0 errors, 0 left on base; Toledo 0 - Pawtucket 4
BOTTOM OF THE 7TH
Pawtucket Red Sox batting - Pitching for Toledo Mud Hens : RHP Jason Figueroa
Pitching: RHP Danny Haertel
Batting: RHB Mike Tremblay 0-0: Called Strike
0-1: Called Strike
0-2: Foul Ball, location: 2F
0-2: Strikes out looking
Batting: RHB Ryan Rynard 0-0: Ball
1-0: Ball
2-0: Foul Ball, location: 25F
2-1: Ball
3-1: Base on Balls
Batting: LHB Dan McCartney 0-0: Called Strike
0-1: Ball
1-1: Swinging Strike
1-2: Ground out U3 (Groundball, 34S, EV 63.8 MPH)
Ryan Rynard to second
Batting: LHB Tony Vargas 0-0: Intentional Walk
Batting: RHB Alvaro Madera 0-0: Called Strike
0-1: SINGLE (Groundball, 6MD, EV 106.3 MPH)
Ryan Rynard to third
Tony Vargas to second
Runner from 3rd tries for Home, SAFE, throw by CF to home
Batting: SHB Chris Pierce 0-0: Called Strike
0-1: Swinging Strike
0-2: Strikes out swinging
Bottom of the 7th over - 1 run, 1 hit, 0 errors, 2 left on base; Toledo 0 - Pawtucket 5
TOP OF THE 8TH
Toledo Mud Hens batting - Pitching for Pawtucket Red Sox : RHP Jason Moore
Batting: LHB Justin Kenworthy 0-0: SINGLE (Line Drive, 4MD, EV 99.4 MPH)
Batting: RHB Jesus Mendoza 0-0: Swinging Strike
0-1: Fly out, F6 (Popup, 56D, EV 43.1 MPH)
Batting: RHB Javier Flores 0-0: Ball
1-0: Ball
2-0: Called Strike
2-1: Swinging Strike
2-2: Foul Ball, location: 2F
2-2: Ground out 6-3 (Groundball, 6S, EV 60.6 MPH)
Justin Kenworthy to second
Batting: RHB Jonah Brookhart 0-0: Called Strike
0-1: Ball
Wild Pitch!
Justin Kenworthy to third
1-1: Ball
2-1: SINGLE (Groundball, 6MD, EV 96.3 MPH)
Justin Kenworthy scores
Batting: LHB Marcus Peterson 0-0: Swinging Strike
0-1: Ball
1-1: Ball
2-1: Called Strike
2-2: Ball
3-2: Foul Ball, location: 9LMF
3-2: Strikes out swinging
Top of the 8th over - 1 run, 2 hits, 0 errors, 1 left on base; Toledo 1 - Pawtucket 5
BOTTOM OF THE 8TH
Pawtucket Red Sox batting - Pitching for Toledo Mud Hens : RHP Danny Haertel
Batting: RHB Carlos Chaidez 0-0: Swinging Strike
0-1: Foul Ball, location: 2RF
0-2: Ball
1-2: Ball
2-2: Fly out, F4 (Popup, 4M, EV 75.6 MPH)
Pitching: LHP Kevin Swanson
Batting: RHB Mark Pearson 0-0: Foul Ball, location: 2LF
0-1: Ball
1-1: Ball
2-1: Ball
3-1: Fly out, F8 (Flyball, 8RD, EV 100.6 MPH)
Batting: LHB Steve Cresci 0-0: Ball
1-0: Ball
2-0: Foul Ball, location: 2F
2-1: Ball
3-1: Foul Ball, location: 2F
3-2: Ground out U3 (Groundball, 34, EV 78.1 MPH)
Bottom of the 8th over - 0 runs, 0 hits, 0 errors, 0 left on base; Toledo 1 - Pawtucket 5
TOP OF THE 9TH
Toledo Mud Hens batting - Pitching for Pawtucket Red Sox : RHP Jason Moore
Batting: LHB Denny Marshall 0-0: Ball
1-0: Ball
2-0: Ball
3-0: Called Strike
3-1: Foul Ball, location: 3F
3-2: Base on Balls
Batting: LHB John Castaneda 0-0: Called Strike
0-1: Ball
1-1: Ball
2-1: Ball
3-1: Called Strike
3-2: Strikes out swinging
Denny Marshall is caught stealing 2nd base 2-6
Batter strikes out.
Batting: SHB Mike Knighten 0-0: Ball
1-0: Ground out 6-3 (Groundball, 6, EV 102.5 MPH)
Top of the 9th over - 0 runs, 0 hits, 0 errors, 0 left on base; Toledo 1 - Pawtucket 5
Thursday, April 4th , 2024 - OOTP Baseball 24.11 Build 85